 Dungeon Crawl Stone Soup version 0.29.1-1-gd02db6906a (webtiles) character file.

Game seed: 15646184739848414247

1822 swilekon the Cleaver (level 9, -4/63 HPs)
             Began as an Octopode Monk on Sept 15, 2022.
             Was a Priest of Okawaru.
             Slain by a sky beast (5 damage)
             ... on level 7 of the Dungeon.
             The game lasted 00:11:02 (8579 turns).

swilekon the Cleaver (Octopode Monk)                Turns: 8579, Time: 00:11:03

Health: -4/63      AC:  1    Str: 15    XL:     9   Next: 10%
Magic:  9/9        EV: 15    Int: 12    God:    Okawaru [***...]
Gold:   339        SH:  0    Dex: 14    Spells: 8/8 levels left

rFire   . . .      SeeInvis .   j - +3 war axe
rCold   . . .      Faith    .   (no shield)
rNeg    . . .      Spirit   .   (helmet restricted)
rPois   .          Reflect  .   (no amulet)
rElec   .          Harm     .   s - ring of resist corrosion
rCorr   +          Rampage  .   (no ring)
Will    .....                   (no ring)
Stlth   +++.......              (no ring)
HPRegen 0.20/turn               (no ring)
MPRegen 0.11/turn               (no ring)
                                (no ring)
                                (no ring)

@: no status effects
A: almost no armour, amphibious, 8 rings, camouflage 1, gelatinous body 1,
(nimble swimmer 1), tentacles
a: Renounce Religion, Heroism


You were on level 7 of the Dungeon.
You worshipped Okawaru.
Okawaru was most pleased with you.
You visited 2 branches of the dungeon, and saw 8 of its levels.
You also visited: Sewer.

You collected 339 gold pieces.

Inventory:

Hand Weapons
 j - a +3 war axe (weapon)
Missiles
 h - a throwing net (quivered)
Jewellery
 m - a ring of fire
 s - a ring of resist corrosion (left tentacle)
Wands
 f - a wand of acid (4)
 r - a wand of paralysis (6)
Scrolls
 a - a scroll of enchant weapon {unknown}
 d - a scroll of magic mapping
 e - 7 scrolls of teleportation
Potions
 b - 2 potions of ambrosia
 c - 5 potions of flight
 g - 2 potions of heal wounds
 i - 2 potions of curing
 l - 2 potions of lignification
 n - a potion of brilliance {unknown}
 o - a potion of resistance
 p - 2 potions of haste


   Skills:
 + Level 6.4 Fighting
 * Level 8.7 Axes
 + Level 6.4 Dodging
 - Level 2.6 Stealth


You had 8 spell levels left.
You didn't know any spells.
Your spell library contained the following spells:

 Spells                   Type           Power      Damage    Failure   Level
 Ensorcelled Hibernation  Hex/Ice        0%         N/A       45%         2
 Spider Form              Tmut/Pois      0%         N/A       69%         3
 Anguish                  Hex/Necr       0%         N/A       97%         4
 Summon Small Mammal      Summ           Unusable   N/A       N/A         1
 Call Canine Familiar     Summ           Unusable   N/A       N/A         3
 Summon Guardian Golem    Hex/Summ       Unusable   N/A       N/A         3

Dungeon Overview and Level Annotations

Branches:
Dungeon (7/15)             Temple (1/1) D:5           Sewer (visited)

Altars:
Dithmenos
Fedhas
Hepliaklqana
Okawaru
Ru
Sif Muna
Trog
Vehumet
Wu Jian
Zin
The Shining One

Shops:
D:5 *

Annotations:
D:7 1 transporter


Innate Abilities, Weirdness & Mutations

You cannot wear most types of armour.
You are amphibious.
You can wear up to eight rings at the same time.
Your skin changes colour to match your surroundings (Stealth+).
Your rubbery body absorbs attacks. (AC +1, EV +1)
((You are camouflaged when in or above water. (Stealth+)))
You have tentacles for arms and can constrict up to eight enemies at once.


Message History

You slash the electric eel! Your grab misses the electric eel.
You squeeze the electric eel!
You kill the electric eel!
Okawaru accepts your kill.
You hear a splash.
Found a bloodstained altar of Trog.
You start resting.
HP restored.
A sky beast comes into view.
Found a shadowy altar of Dithmenos.
The sky beast barely misses you.
You hit the sky beast.
The sky beast is lightly wounded.
The sky beast flickers out of sight!
Deactivating autopickup; reactivate with Ctrl-A.
Something hits you. Something shocks you.
No target in view!
No target in view!
You miss something. Something hits you. Something shocks you.
You miss something. Something hits you. Something shocks you.
You barely miss something. Your squeeze misses something. Something hits you.
Something shocks you.
You barely miss something. Something hits you but does no damage.
You barely miss something. Something hits you. Something shocks you.
You miss something. Something hits you. Something shocks you.
* * * LOW HITPOINT WARNING * * *
You closely miss something. Your squeeze misses something.
Something barely misses you.
You miss something.
A sky beast appears from thin air!
Reactivating autopickup.
The sky beast barely misses you. The sky beast hits you.
* * * LOW HITPOINT WARNING * * *
The sky beast shocks you.
* * * LOW HITPOINT WARNING * * *
You closely miss the sky beast.
The sky beast flickers out of sight!
Deactivating autopickup; reactivate with Ctrl-A.
Something hits you.
* * * LOW HITPOINT WARNING * * *
Something shocks you.
You die...

## #####.. .# #....≈
.# ...≈.#.≈≈≈. ≈.#
..≈.#.≈_.##.≈.#
.≈.#.≈§{.#.≈.#.
#.≈.#.§@§.# ≈.#
#.≈.#.≈≈._#.≈.#
#.≈.#...###.≈.#
#.###.≈.####....≈.#
#...#.÷.....≈≈≈≈≈.# #
#...#.≈≈≈≈≈≈......#.#
.#
#...#.......#######.#
.#
#...########........#
.# #.......#
###......#


There were no monsters in sight!

Vanquished Creatures
  A wyvern (D:6)
  Eustachio (D:5)
  A water moccasin (D:6)
  A sky beast (D:7)
  2 ice beasts (D:7)
  3 ogres
  A phantom (D:6)
  2 scorpions
  An electric eel (D:7)
  2 orc priests
  Ijyb (D:5)
  2 hounds
  2 iguanas
  3 orc wizards
  14 adders
  7 river rats
  A shadow imp (D:6)
  A white imp (D:6)
  2 ufetubi (D:5)
  5 worms
  4 dart slugs
  20 orcs
  11 ball pythons
  11 bats
  12 endoplasms
  13 giant cockroaches
  5 goblins
  12 hobgoblins
  18 jackals
  9 quokkas
  5 frilled lizards
  6 kobolds
  8 rats
187 creatures vanquished.

Vanquished Creatures (others)
  10 plants (D:5)
10 creatures vanquished.

Grand Total: 197 creatures vanquished

Notes
Turn   | Place    | Note
-------+----------+-------------------------------------------
     0 | D:1      | swilekon the Octopode Monk began the quest for the Orb.
     0 | D:1      | Reached XP level 1. HP: 16/16 MP: 1/1
     2 | D:1      | You fall into a shaft and drop 1 floor!
   436 | D:1      | Reached XP level 2. HP: 21/21 MP: 2/2
   908 | D:1      | Reached XP level 3. HP: 26/26 MP: 3/3
  1456 | D:2      | Found a faded altar of an unknown god.
  1643 | D:2      | Reached skill level 4 in Axes
  1715 | D:2      | Reached XP level 4. HP: 26/31 MP: 4/4
  1879 | D:2      | Found a sacrificial altar of Ru.
  2978 | D:3      | Reached XP level 5. HP: 37/37 MP: 5/5
  4778 | D:5      | Entered Level 5 of the Dungeon
  4782 | D:5      | Found Catatw Mega's Assorted Antiques.
  4795 | D:5      | Reached skill level 5 in Axes
  4802 | D:5      | Reached XP level 6. HP: 33/43 MP: 6/6
  4803 | D:5      | Noticed Eustachio
  4815 | D:5      | Found a glowing drain.
  4825 | Sewer    | Entered a sewer
  5631 | D:5      | Killed Eustachio
  5632 | D:5      | Reached skill level 6 in Axes
  5632 | D:5      | Reached XP level 7. HP: 44/49 MP: 7/7
  5746 | D:5      | Found a staircase to the Ecumenical Temple.
  5755 | Temple   | Entered the Ecumenical Temple
  5762 | Temple   | Became a worshipper of Warmaster Okawaru
  5762 | Temple   | Reached * piety under Okawaru
  5762 | Temple   | Reached ** piety under Okawaru
  5990 | D:5      | Reached skill level 5 in Fighting
  5990 | D:5      | Reached skill level 5 in Dodging
  6098 | D:5      | Noticed Ijyb
  6419 | D:5      | Killed Ijyb
  6563 | D:5      | Reached skill level 7 in Axes
  6563 | D:5      | Reached XP level 8. HP: 55/55 MP: 8/8
  6594 | D:5      | Found a hazy altar of Hepliaklqana.
  7137 | D:6      | Noticed a wyvern
  7147 | D:6      | Killed a wyvern
  7397 | D:6      | Reached skill level 8 in Axes
  7921 | D:7      | Found a transporter.
  8162 | D:7      | Reached *** piety under Okawaru
  8163 | D:7      | Reached XP level 9. HP: 63/63 MP: 9/9
  8305 | D:7      | Found a bloodstained altar of Trog.
  8567 | D:7      | Found a shadowy altar of Dithmenos.
  8578 | D:7      | HP: 2/63 [sky beast (6)]
  8579 | D:7      | Slain by a sky beast

Illustrated notes

Levels and vault maps discovered:
D:1:      kennysheep_arrival_seaside, layout_loops_ring, fountainhead
D:2:      layout_loops_ring, shapermc_ecumenical_altar_totnotflames, basic_altar
D:3:      layout_basic
D:4:      layout_gridville, serial_glass, glass_columns_b, glass_columns_b
D:5:      layout_rooms, nzn_hepliaklqana_mist_gate, minmay_temple_entry_hall,
          nicolae_ossuary_entry_plus, serial_shops, shop, portal_sewer_entry_b,
          kennysheep_minor_cross, kennysheep_small_spiral,
          guppyfry_early_lair_pool, uniq_ijyb, uniq_eustachio
D:6:      layout_cave_pods
D:7:      gammafunk_cloud_chamber, layout_basic, nicolae_overflow_squiral,
          nicolae_take_the_stairs, kennysheep_windowed_goal
Temple:   hellmonk_temple_of_storms

Skill      XL: |  1  2  3  4  5  6  7  8 |
---------------+-------------------------+-----
Axes           | 4 5 6 7 8 |  8.7
Fighting       | 4 5 6 |  6.4
Dodging        | 4 5 6 |  6.4
Stealth        | |  2.6

Action                   |  1- 3 |  4- 6 |  7- 9 || total
-------------------------+-------+-------+-------++-------
Melee: Hand axe          |    87 |   215 |   125 ||   427
       Constrict         |    26 |    61 |    28 ||   115
       Tentacles         |    15 |    55 |    43 ||   113
       Punch             |     2 |     5 |     2 ||     9
       War axe           |       |       |    31 ||    31
  Use: Scroll            |       |     9 |     6 ||    15
       Potion            |       |     1 |       ||     1
 Stab: Sleeping          |    15 |    20 |     5 ||    40
       Distracted        |       |       |     2 ||     2
Armor: Skin              |     7 |    64 |    44 ||   115
Dodge: Dodged            |    50 |   206 |   111 ||   367
